 Dungeon Crawl Stone Soup version 0.18-a0-1045-g4e042de (webtiles) character file.

4519 esc the Fighter (level 10, -1/90 HPs)
             Began as a Hill Orc Fighter on Jan 11, 2016.
             Was an Initiate of Okawaru.
             Slain by an orc warrior
             ... wielding a +0 halberd
              (17 damage)
             ... on level 8 of the Dungeon.
             The game lasted 00:29:30 (8477 turns).

esc the Fighter (Hill Orc Fighter)                  Turns: 8477, Time: 00:29:30

Health: -1/90      AC:  9    Str: 22    XL:     10   Next: 39%
Magic:  11/11      EV: 12    Int: 16    God:    Okawaru [......]
Gold:   575        SH: 12    Dex: 13    Spells: 0 memorised, 9 levels left

rFire  . . .     SeeInvis .     C - +0 scimitar
rCold  . . .     Gourm    .     K - +0 ring mail of Autumn {Int+8} (curse)
rNeg   + . .     Faith    .     c - +1 shield
rPois  .         Spirit   .     (no helmet)
rElec  .         Dismiss  .     v - +0 cloak
rCorr  .         Reflect  .     b - +0 pair of gloves
SustAt .         Harm     .     (no boots)
MR     +....                    (no amulet)
Stlth  +.........               B - ring of wizardry {Wiz+, !d}
                                q - ring of positive energy {rN+}

@: somewhat resistant to hostile enchantments, very unstealthy
A: magic resistance 1, strong 1, subdued magic 1
a: Renounce Religion


You were on level 8 of the Dungeon.
You worshipped Okawaru.
Okawaru was noncommittal.
You were not hungry.

You visited 2 branches of the dungeon, and saw 10 of its levels.
You also visited: Sewer.

You collected 575 gold pieces.

Inventory:

Hand Weapons
 s - a +0 blowgun
   (You took it off a kobold on level 3 of the Dungeon)
 C - a +0 scimitar (weapon)
   (You found it on level 4 of the Dungeon)
Missiles
 k - 54 poisoned needles
 l - 17 tomahawks (quivered)
 D - 6 javelins
Armour
 b - a +0 pair of gloves (worn)
   (You found it on level 8 of the Dungeon)
 c - a +1 shield (worn)
 v - a +0 cloak (worn)
   (You took it off Crazy Yiuf on level 3 of the Dungeon)
 K - the cursed +0 ring mail of Autumn (worn) {Int+8}
   (You found it on level 7 of the Dungeon)

   It affects your intelligence (+8).
   It has a curse placed upon it.
Magical Staves
 o - an uncursed staff of death {rN+}
   (You found it on level 2 of the Dungeon)
Jewellery
 q - a ring of positive energy (left hand) {rN+}
   (You found it on level 2 of the Dungeon)
 B - a ring of wizardry (right hand) {Wiz+, !d}
   (You found it on level 7 of the Dungeon)
Wands
 j - a wand of magic darts (29/48)
   (You found it on level 2 of the Dungeon)
 t - a wand of frost (23/48)
   (You found it on level 6 of the Dungeon)
 z - a wand of digging (16/24)
   (You found it on level 6 of the Dungeon)
 E - a wand of digging (14/24)
   (You found it on level 7 of the Dungeon)
 G - a wand of heal wounds (3/9)
   (You found it on level 5 of the Dungeon)
 J - a wand of digging (12/24)
   (You found it on level 7 of the Dungeon)
Scrolls
 a - a scroll of magic mapping {!r}
 d - 2 scrolls of fog
 g - 3 scrolls of noise {!r}
 h - 4 scrolls of enchant armour
 i - 8 scrolls of teleportation
 p - 4 scrolls of enchant weapon
 w - 2 scrolls of identify
 y - a scroll of amnesia
 A - 7 scrolls of remove curse
Potions
 r - a potion of cancellation
 H - a potion of brilliance
 I - 2 potions of curing
Miscellaneous
 e - a plain deck of defence {drawn: 1}
   (You found it on level 4 of the Dungeon)
Comestibles
 f - 7 bread rations {@e1}
 m - 6 beef jerkies
 n - 12 fruits
 x - 2 slices of pizza
 F - 3 meat rations {@e2}
 L - 6 chunks of flesh {@w0}


   Skills:
 + Level 8.6 Fighting
 + Level 7.5 Long Blades
 + Level 8.1 Armour
 + Level 5.3 Dodging
 + Level 8.1 Shields
 + Level 2.0 Invocations


You had 9 spell levels left.
You didn't know any spells.

Dungeon Overview and Level Annotations

Branches:
Dungeon (9/15)             Temple (1/1) D:7
   Lair: D:8-11         Orc: D:9-12

Altars:
Ashenzari
Cheibriados
Elyvilon
Fedhas
Gozag
Kikubaaqudgha
Makhleb
Nemelex Xobeh
Okawaru
Pakellas
Ru
Trog
Vehumet
Xom
Yredelemnul
Zin
The Shining One

Shops:
D:5 }   D:7 :   D:8 ?*[[?

Annotations:
D:3 Vojta's ghost, amateur HaMo


Innate Abilities, Weirdness & Mutations

You are resistant to hostile enchantments.
Your muscles are strong. (Str +2)
Your spells are a little easier to cast, but a little less powerful.


Message History

You kill the orc wizard!
Okawaru accepts your kill. You block the orc's attack.
The orc closely misses you.
An orc comes into view. It is wielding a falchion.
Things that are here:
a dagger; a robe You barely miss the orc.
The orc shouts!
The orc moves out of view.
You block the orc's attack.
An orc priest comes into view. It is wielding a mace.
The orc priest shouts!
You hit the orc.
The orc priest moves out of view.
You block the orc's attack.
An orc warrior comes into view. It is wielding a halberd.
The orc warrior shouts!
You hit the orc but do no damage.
The orc priest mumbles some strange prayers to Beogh against you.
You easily resist.
The orc hits you but does no damage.
You hit the orc but do no damage. You block the orc's attack.
You barely miss the orc. You block the orc's attack.
You feel much better.
This wand has 3 charges left.
The orc hits you with a flail.
You regained 19 hp, and now have 43/90 hp.
You hit the orc priest.
The orc priest casts a cantrip, but nothing happens.
You block the orc's attack.
The orc priest shouts, "Join the one true god or die!"
You slash the orc priest!
You kill the orc priest!
Okawaru accepts your kill. You block the orc's attack.
The orc warrior misses you. The orc closely misses you.
Items here: )) [[ † a mace; a leather armour; a dagger; a robe; an orc corpse You hit the orc warrior but do no damage.
You block the orc warrior's attack. The orc hits you with a flail.
You take 5 damage, and have 39/90 hp.
You hit the orc warrior but do no damage.
The orc hits you but does no damage. You block the orc warrior's attack.
You hit the orc warrior but do no damage.
You block the orc's attack. The orc misses you.
You closely miss the orc warrior. The orc warrior closely misses you.
You block the orc's attack. The orc closely misses you.
You hit the orc warrior but do no damage.
You block the orc warrior's attack. You block the orc's attack.
The orc hits you but does no damage.
You closely miss the orc warrior. You block the orc's attack.
You block the orc warrior's attack. You block the orc's attack.
You closely miss the orc warrior. You block the orc's attack.
You block the orc warrior's attack. You block the orc's attack.
You closely miss the orc warrior. The orc hits you but does no damage.
You block the orc warrior's attack. The orc misses you.
You hit the orc warrior but do no damage.
The orc hits you but does no damage. You block the orc warrior's attack.
The orc closely misses you.
You closely miss the orc warrior. You block the orc's attack.
The orc warrior completely misses you. The orc hits you with a flail.
You take 3 damage, and have 38/90 hp.
You hit the orc warrior but do no damage.
You block the orc's attack.
You hit the orc warrior but do no damage.
You block the orc warrior's attack. The orc closely misses you.
The orc misses you.
You closely miss the orc warrior. You block the orc warrior's attack.
The orc hits you with a flail. You block the orc's attack.
You take 1 damage, and have 37/90 hp.
You slash the orc warrior! You block the orc warrior's attack.
You block the orc's attack. x2
You barely miss the orc warrior.
The orc warrior hits you but does no damage.
The orc hits you with a flail. You block the orc's attack.
You take 4 damage, and have 33/90 hp.
You slash the orc warrior! The orc warrior barely misses you.
The orc hits you but does no damage. You block the orc's attack.
You barely miss the orc warrior. You block the orc warrior's attack.
You block the orc's attack. The orc hits you but does no damage.
You hit the orc warrior but do no damage.
The orc closely misses you.
The orc warrior hits you with a halberd.
The orc barely misses you.
You take 6 damage, and have 28/90 hp.
You hit the orc warrior but do no damage.
You block the orc's attack.
The orc warrior hits you with a halberd.
* * * LOW HITPOINT WARNING * * *
You take 1 damage, and have 27/90 hp.
You closely miss the orc warrior. The orc hits you with a flail.
* * * LOW HITPOINT WARNING * * *
You block the orc's attack.
You take 2 damage, and have 25/90 hp.
You closely miss the orc warrior.
The orc warrior hits you with a halberd!
* * * LOW HITPOINT WARNING * * *
You block the orc's attack. The orc misses you.
You take 9 damage, and have 16/90 hp.
You barely miss the orc warrior. The orc warrior misses you.
The orc hits you but does no damage. The orc barely misses you.
You barely miss the orc warrior.
The orc warrior hits you with a halberd!
You die...

##########.......................
.....................############
#########.......####.# #
##....<...# #.# ##########
#..#......# #.# #.........
##.##/)....# #.###.........
#..###[..#.###..#.....###'#
#######.###)#.#.oo..........##...
...............o@####.#.....##.#.
#######.......#..# #..#....##.#.
...####......).#.## ##.#.#####.#.
##.......P∩P......# #...# ##.#.
#.#####..PPP.###..# ##..# ##..#.
..............##..# #.####..###
...........##>##..# #.###....#.
#.###......##.##..# #.##.......
#.# #......##.##..# #.#######.#


You could see an orc warrior and 2 orcs.

Vanquished Creatures
  Pikel (D:5)
  Joseph (D:8)
  Sigmund (D:5)
  A hippogriff (D:9)
  A water moccasin (D:9)
  Purgy (Sewer)
  2 orc warriors (D:6)
  An ice beast (D:7)
  A phantom (D:9)
  5 ogres
  4 centaurs
  7 giant frogs
  A gnoll sergeant (D:7)
  2 scorpions
  A wyvern skeleton (D:9)
  3 wights
  4 crimson imps
  A giant frog zombie (D:8)
  2 jellies
  4 orc priests
  5 hounds
  Crazy Yiuf (D:3)
  A centaur skeleton (D:8)
  Ijyb (D:3)
  11 orc wizards
  4 worker ants
  A killer bee zombie (D:9)
  A hound zombie (D:7)
  A hound skeleton (D:5)
  7 gnolls
  14 adders
  3 shadow imps
  2 worms (D:2)
  6 giant geckos
  37 orcs
  5 ball pythons
  12 bats
  7 giant cockroaches
  7 goblins
  13 hobgoblins
  18 jackals
  2 quokkas (D:3)
  A giant gecko skeleton (D:4)
  9 giant newts
  11 kobolds
  6 rats
230 creatures vanquished.

Vanquished Creatures (others)
  A phantom (D:5)
  A worm (D:5)
  2 giant geckos (D:5)
4 creatures vanquished.

Grand Total: 234 creatures vanquished

Notes
Turn   | Place    | Note
--------------------------------------------------------------
     0 | D:1      | esc the Hill Orc Fighter began the quest for the Orb.
     0 | D:1      | Reached XP level 1. HP: 19/19 MP: 1/1
    66 | D:1      | Reached XP level 2. HP: 27/27 MP: 2/2
   484 | D:1      | Reached XP level 3. HP: 33/33 MP: 3/3
   793 | D:1      | Reached skill level 4 in Fighting
  1154 | D:2      | Gained mutation: You are resistant to hostile enchantments. [potion of mutation]
  1154 | D:2      | Gained mutation: You evolve. [potion of mutation]
  1301 | D:2      | Reached skill level 4 in Armour
  1301 | D:2      | Reached XP level 4. HP: 40/40 MP: 4/4
  1490 | D:2      | Reached skill level 1 in Dodging
  1548 | D:2      | Reached skill level 3 in Long Blades
  1963 | D:3      | Reached XP level 5. HP: 30/47 MP: 5/5
  1994 | D:3      | Reached skill level 4 in Shields
  2062 | D:3      | Noticed Ijyb
  2075 | D:3      | Killed Ijyb
  2422 | D:3      | Noticed Crazy Yiuf
  2440 | D:3      | HP: 11/47 [Crazy Yiuf/quarterstaff of chaos (2)]
  2441 | D:3      | HP: 3/70 [Crazy Yiuf/quarterstaff of chaos (4)]
  2442 | D:3      | Killed Crazy Yiuf
  2442 | D:3      | Reached XP level 6. HP: 3/53 MP: 6/6
  2552 | D:3      | HP: 13/53 [poisoned by an adder]
  2893 | D:3      | Noticed Vojta's ghost (amateur HaMo)
  3028 | D:4      | Reached skill level 2 in Dodging
  3083 | D:4      | Found a burning altar of Makhleb.
  3304 | D:4      | Found an ancient bone altar of Kikubaaqudgha.
  3361 | D:4      | Reached skill level 5 in Fighting
  3361 | D:4      | Reached skill level 4 in Long Blades
  3681 | D:4      | Reached XP level 7. HP: 42/61 MP: 7/7
  4079 | D:5      | Entered Level 5 of the Dungeon
  4099 | D:5      | Reached skill level 5 in Armour
  4108 | D:5      | Noticed Pikel
  4128 | D:5      | Killed Pikel
  4128 | D:5      | Reached skill level 6 in Fighting
  4128 | D:5      | Reached skill level 5 in Long Blades
  4128 | D:5      | Reached skill level 3 in Dodging
  4128 | D:5      | Reached skill level 5 in Shields
  4128 | D:5      | Reached XP level 8. HP: 54/70 MP: 8/8
  4248 | D:5      | Found an oddly glowing altar of Pakellas.
  4248 | D:5      | Found Pakellas's Prime Provisions.
  4310 | D:5      | Noticed Sigmund
  4321 | D:5      | Killed Sigmund
  4330 | D:5      | Reached skill level 6 in Armour
  4338 | D:5      | Gained mutation: Your spells are a little easier to cast, but a little less powerful. [evolution]
  4406 | D:5      | Found a shimmering altar of Xom.
  4584 | D:5      | Found a glowing drain.
  4597 | Sewer    | Entered a sewer
  4649 | Sewer    | Noticed Purgy
  4671 | Sewer    | Killed Purgy
  4957 | D:6      | Reached skill level 6 in Shields
  5056 | D:6      | Gained mutation: Your muscles are strong. (Str +2) [evolution]
  5056 | D:6      | Lost mutation: You evolve. [end of evolution]
  5118 | D:6      | Reached skill level 7 in Fighting
  5118 | D:6      | Reached XP level 9. HP: 60/79 MP: 9/9
  5161 | D:6      | Reached skill level 6 in Long Blades
  5161 | D:6      | Reached skill level 4 in Dodging
  5576 | D:7      | Reached skill level 7 in Armour
  5625 | D:7      | Got a blackened dagger
  5626 | D:7      | Identified the +8 dagger of Sampeih {pierce, *Noise +Inv rF+ rN++} (You found it on level 7 of the Dungeon)
  5635 | D:7      | Found a sparkling altar of Nemelex Xobeh.
  6030 | D:7      | Reached skill level 7 in Shields
  6091 | D:7      | Got a bloodstained ring mail
  6106 | D:8      | Found Olyomel's Armour Boutique.
  6109 | D:8      | Found Gastriruq's Assorted Antiques.
  6148 | D:8      | Identified the cursed +0 ring mail of Autumn {Int+8} (You found it on level 7 of the Dungeon)
  6452 | D:8      | Noticed Joseph
  6476 | D:8      | Killed Joseph
  6476 | D:8      | Reached skill level 8 in Fighting
  6476 | D:8      | Reached skill level 7 in Long Blades
  6697 | D:8      | Reached XP level 10. HP: 83/88 MP: 10/10
  6718 | D:8      | Found Heewn's Antique Armour Shop.
  6927 | D:7      | Reached skill level 5 in Dodging
  6942 | D:7      | Found Esoleut's Book Emporium.
  7104 | D:7      | Found a staircase to the Ecumenical Temple.
  7109 | Temple   | Entered the Ecumenical Temple
  7203 | Temple   | Became a worshipper of Warmaster Okawaru
  7353 | D:8      | Found Eruran's Magic Scroll Shop.
  7617 | D:8      | Found Aplus's Magic Scroll Boutique.
  7892 | D:8      | Found a glowing golden altar of the Shining One.
  8177 | D:9      | Reached skill level 1 in Invocations
  8214 | D:9      | Reached skill level 8 in Shields
  8239 | D:9      | Reached skill level 8 in Armour
  8373 | D:9      | Reached skill level 2 in Invocations
  8379 | D:9      | HP: 21/90 [orc warrior/mace (9)]
  8441 | D:8      | HP: 22/90 [orc wizard/puff of flame (7)]
  8475 | D:8      | HP: 16/90 [orc warrior/halberd (10)]
  8477 | D:8      | Slain by an orc warrior

Vault maps used:
D:1:      minmay_arrival_shattered_statue
D:2:      first_bread
D:3:      serial_bayou_lagoon_b, uniq_crazy_yiuf_cottage, uniq_iyjb
D:4:      lemuel_round_altar, makhleb_grotto_becter,
          hangedman_decor_peaks_small, amalloy_card_club
D:5:      lemuel_doored_altar, gup_sewer_entry_bowl, johnstein_pakellas_shop,
          uniq_sigmund, uniq_pikel
D:7:      temple_doors_e, serial_shops, kennysheep_mini_moat, basic_altar
D:8:      nicolae_tso_swordbearing_angel, serial_shops,
          nicolae_shop_overgrown_old_shop, nicolae_shop_crystal, shop_scrolls,
          shop_statue, nicolae_shop_window_shopping, uniq_joseph
D:9:      minmay_overflow_temple_star_quad,
          kennysheep_orc_monster_closet_entryway
Temple:   jpeg_temple_clearing_12
Sewer:    sewer_co_purgy_island

Action                   |  1- 3 |  4- 6 |  7- 9 | 10-12 || total
-------------------------+-------+-------+-------+-------++-------
Melee: Long sword        |   100 |   325 |    27 |       ||   452
       Scimitar          |       |       |   413 |   275 ||   688
       Dagger            |       |       |     3 |       ||     3
 Fire: Blowgun           |       |     6 |     5 |     1 ||    12
Throw: Tomahawk          |       |     3 |       |       ||     3
Evoke: Deck              |       |       |     1 |       ||     1
       Wand              |       |       |       |     1 ||     1
  Use: Scroll            |    10 |     7 |     4 |     2 ||    23
       Potion            |     1 |     3 |     7 |       ||    11
  Eat: Pizza             |     1 |       |       |     1 ||     2
       Chunk             |       |     8 |    12 |     5 ||    25

Vault maps used:
D:1:      minmay_arrival_shattered_statue
D:2:      first_bread
D:3:      serial_bayou_lagoon_b, uniq_crazy_yiuf_cottage, uniq_iyjb
D:4:      lemuel_round_altar, makhleb_grotto_becter,
          hangedman_decor_peaks_small, amalloy_card_club
D:5:      lemuel_doored_altar, gup_sewer_entry_bowl, johnstein_pakellas_shop,
          uniq_sigmund, uniq_pikel
D:7:      temple_doors_e, serial_shops, kennysheep_mini_moat, basic_altar
D:8:      nicolae_tso_swordbearing_angel, serial_shops,
          nicolae_shop_overgrown_old_shop, nicolae_shop_crystal, shop_scrolls,
          shop_statue, nicolae_shop_window_shopping, uniq_joseph
D:9:      minmay_overflow_temple_star_quad,
          kennysheep_orc_monster_closet_entryway
Temple:   jpeg_temple_clearing_12
Sewer:    sewer_co_purgy_island

Table legend:
 A = Turns spent in this place as a percentage of turns spent in the entire game.
 B = Non-inter-level travel turns spent in this place as a percentage of non-inter-level travel turns spent in the entire game.
 C = Inter-level travel turns spent in this place as a percentage of turns spent in this place.
 D = Turns resting spent in this place as a percentage of non-inter-level travel turns spent in this place.
 E = Turns spent auto-exploring this place as a percentage of non-inter-level travel turns spent in this place.
 F = Non-inter-level travel turns spent in this place divided by the number of levels of this place that you've seen.
                   A       B       C       D       E      F
               +-------+-------+-------+-------+-------+----------------------
         Total | 100.0 | 100.0 |   0.5 |   0.8 |   7.3 | 273.9
       Dungeon |  94.6 |  94.6 |   0.5 |   0.8 |   7.1 | 316.6
        Temple |   1.2 |   1.2 |   2.7 |   0.0 |  27.8 |  36.0
         Sewer |   4.2 |   4.2 |   0.0 |   0.0 |   7.0 | 128.0
               +-------+-------+-------+-------+-------+----------------------

Table legend:
 A = Kills in this place as a percentage of kills in entire the game.
 B = Kills by you in this place as a percentage of kills by you in the entire game.
 C = Kills by friends in this place as a percentage of kills by friends in the entire game.
 D = Other kills in this place as a percentage of other kills in the entire game.
 E = Experience gained in this place as a percentage of experience gained in the entire game.
 F = Experience gained in this place divided by the number of levels of this place that you have seen.
                   A       B       C       D       E      F
               +-------+-------+-------+-------+-------+----------------------
         Total | 100.0 | 100.0 |  -nan |  -nan | 100.0 | 587.0
       Dungeon |  97.0 |  97.0 |  -nan |  -nan |  97.8 | 701.8
         Sewer |   3.0 |   3.0 |  -nan |  -nan |   2.2 | 141.0
               +-------+-------+-------+-------+-------+----------------------
